 Dungeon Crawl Stone Soup version 0.25-a0-797-g0023389 (webtiles) character file.

Game seed: 11240796105432534506, levelgen mode: deterministic

90549 Faca the Whirler (level 16, -9/110 HPs)
             Began as a Halfling Hunter on Apr 18, 2020.
             Was the Champion of Okawaru.
             Mangled by a minotaur (10 damage)
             ... in a Gauntlet.
             The game lasted 01:10:03 (29554 turns).

Faca the Whirler (Halfling Hunter)                 Turns: 29554, Time: 01:10:03

Health: -9/110     AC: 15    Str: 26    XL:     16   Next: 47%
Magic:  25/32      EV: 24    Int:  9    God:    Okawaru [******]
Gold:   1127       SH:  0    Dex: 17    Spells: 15/15 levels left

rFire    . . .     SeeInvis +   e - +1 rapier (elec)
rCold    + . .     Gourm    .   (shield restricted)
rNeg     + + +     Faith    .   z - +0 ring mail of Least Resistance {MP+9 Str+3 SInv}
rPois    .         Spirit   .   J - +2 helmet of the Villain {*Slow rC+ rN+++}
rElec    +         Reflect  .   B - scarf {repulsion}
rCorr    .         Harm     .   y - +0 pair of gloves
MR       +....     NoTele   +   l - +1 pair of boots
Stlth    ..........             H - amulet of regeneration
HPRegen  0.68/turn              I - ring "Entiz" {rElec Stlth-}
MPRegen  0.23/turn              w - +5 ring of strength

@: slowed, studying Dodging, repel missiles, very slow
A: small, mutation resistance 1
a: Heroism, Finesse, Renounce Religion


You were in a Gauntlet.
You worshipped Okawaru.
Okawaru was exalted by your worship.
You were near starving.

You visited 4 branches of the dungeon, and saw 22 of its levels.
You also visited: Sewer, Gauntlet and Ice Cave.

You collected 2656 gold pieces.
You spent 1529 gold pieces at shops.

Inventory:

Hand Weapons
 a - a +2 hunting sling of flaming
 e - a +1 rapier of electrocution (weapon)
 O - the +8 rapier "Qokockogh" {holy, +Inv rPois Str-2}
   (Okawaru gifted it to you on level 6 of the Lair of Beasts)

   It has been blessed by the Shining One to cause great damage to the undead
   and demons.
   It affects your strength (-2).
   It protects you from poison.
   It lets you turn invisible.
Missiles
 d - 459 sling bullets
 g - 765 stones (quivered)
Armour
 l - a +1 pair of boots (worn)
 s - a +0 cloak
 y - a +0 pair of gloves (worn)
 z - the +0 ring mail of Least Resistance (worn) {MP+9 Str+3 SInv}
   (You found it in a Gauntlet)

   It affects your strength (+3).
   It affects your magic capacity (+9).
   It lets you see invisible.
 B - a scarf of repulsion (worn)
 J - the +2 helmet of the Villain (worn) {*Slow rC+ rN+++}
   (You found it in a Gauntlet)

   It protects you from cold.
   It renders you almost immune to negative energy.
   It may slow you when you take damage.
 N - a +0 troll leather armour
Jewellery
 c - an uncursed ring of protection from magic
 r - an uncursed ring of protection from cold
 w - a +5 ring of strength (right hand)
 D - the ring of the Shining Light {rPois rCorr}
   (You acquired it on level 7 of the Dungeon)

   [ring of resist corrosion]

   It protects you from poison.
   It provides partial protection from all sources of acid and corrosion.
 H - an amulet of regeneration (around neck)
 I - the ring "Entiz" (left hand) {rElec Stlth-}
   (You bought it in a shop on level 2 of the Orcish Mines)

   [ring of attention]

   It insulates you from electricity.
   It makes you less stealthy.
Wands
 E - a wand of flame (43)
 F - a wand of disintegration (22)
 K - a wand of scattershot (5)
 L - a wand of acid (18)
Scrolls
 b - 7 scrolls of remove curse
 h - 4 scrolls of identify
 i - 14 scrolls of teleportation
 j - 5 scrolls of enchant weapon
 k - a scroll of summoning
 t - 5 scrolls of fear
 C - 5 scrolls of fog
 G - 3 scrolls of enchant armour
Potions
 m - a potion of ambrosia
 n - 6 potions of resistance
 p - a potion of haste
 q - 9 potions of flight
 u - a potion of might
 v - 9 potions of lignification
 x - 8 potions of curing
 A - 3 potions of mutation
Books
 o - a manual of Dodging
Comestibles
 f - 33 rations


   Skills:
 + Level 10.4 Fighting
 * Level 12.8 Short Blades
 + Level 19.3 Slings
 + Level 12.7 Armour
 + Level 12.9 Dodging
 - Level 1.1 Stealth
 - Level 10.0 Invocations


You had 15 spell levels left.
You didn't know any spells.
Your spell library contained the following spells:

 Spells                   Type           Power        Failure   Level  Hunger
 Animate Skeleton         Necr           N/A          50%         1    ##.....
 Apportation              Tloc           #.....       50%         1    ##.....
 Corona                   Hex            #......      50%         1    ##.....
 Summon Butterflies       Summ           #.......     50%         1    ##.....
 Summon Small Mammal      Summ           #...         50%         1    ##.....
 Confusing Touch          Hex            #.......     86%         3    ####...
 Gell's Gravitas          Tloc           #.........   86%         3    ####...
 Lesser Beckoning         Tloc           #.........   86%         3    ####...
 Tukima's Dance           Hex            #.......     86%         3    ####...
 Cause Fear               Hex            #.........   99%         4    #####..
 Petrify                  Tmut/Erth      #.......     99%         4    #####..
 Alistair's Intoxication  Tmut/Pois      #.......     100%        5    ######.
 Bolt of Magma            Conj/Fire/Erth #.........   100%        5    ######.
 Iskenderun's Battlesphe  Conj/Chrm      #.......     100%        5    ######.
 Metabolic Englaciation   Hex/Ice        #.........   100%        5    ######.
 Silence                  Hex/Air        #.........   100%        5    ######.
 Yara's Violent Unravell  Hex/Tmut       #.........   100%        5    ######.
 Invisibility             Hex            #.......     100%        6    #######
 Iron Shot                Conj/Erth      #.........   100%        6    #######
 Haunt                    Necr/Summ      #.........   100%        7    #######
 Orb of Destruction       Conj           #.........   100%        7    #######
 Spellforged Servitor     Conj/Summ      #.........   100%        7    #######
 Borgnjor's Revivificati  Necr           #.........   100%        8    #######
 Death's Door             Chrm/Necr      #.........   100%        8    #######
 Discord                  Hex            #.........   100%        8    #######
 Infestation              Necr           #.........   100%        8    #######
 Necromutation            Tmut/Necr      #.........   100%        8    #######


Dungeon Overview and Level Annotations

Branches:
Dungeon (13/15)            Temple (1/1) D:6            Lair (6/6) D:9
 Shoals (0/4) Lair:3       Spider (0/4) Lair:2        Slime (0/5) Lair:5
    Orc (2/2) D:9             Elf (0/3) Orc:2         Sewer (visited)
  IceCv (visited)         Gauntlet (1/1)
 Vaults: D:13-14

Altars:
Ashenzari
Cheibriados
Dithmenos
Elyvilon
Fedhas
Gozag
Hepliaklqana
Kikubaaqudgha
Makhleb
Nemelex Xobeh
Okawaru
Qazlal
Ru
Sif Muna
Trog
Uskayaw
Vehumet
Wu Jian
Xom
Yredelemnul
Zin
The Shining One
Beogh

Shops:
D:8 }   Orc:2 ((=*

Portals:
Abyss: D:11

Annotations:
D:8 1 runed translucent door
D:11 2 transporters, Puhammaa's ghost, journeyman HuCj Gauntlet 8 transporters, exclusion: oklob plant


Innate Abilities, Weirdness & Mutations

You are small and have problems with some larger weapons.
You are somewhat resistant to further mutation.


Message History

You barely miss the minotaur.
The minotaur is severely wounded.
You completely miss the minotaur.
The minotaur is severely wounded.
The minotaur hits you!
* * * LOW HITPOINT WARNING * * *
The minotaur completely misses you.
You hit the minotaur but do no damage.
The minotaur is severely wounded.
You puncture the minotaur! Lightning courses through the minotaur!
The minotaur is almost dead.
The minotaur hits you!
* * * LOW HITPOINT WARNING * * *
You feel yourself slow down. The minotaur closely misses you.
You hit the minotaur but do no damage.
The minotaur is almost dead.
The minotaur hits you.
* * * LOW HITPOINT WARNING * * *
The minotaur gores you!
You die...

#%# ##'###
#.⌠..# #...⌠+
+⌠... ..∩ #H#
######@#######
#.......(.....#
#.###.###.###.#
............#
#.###.###.###
#.###.###.#####
..............#
.♣.©.©.©.©.♣.♣.#
...............#


You could see a minotaur.

Vanquished Creatures
  A frost giant (IceCv)
  The ghost of MrDNA the Severer, a journeyman DDMo of Makhleb (Lair:6)
  Nessos (Orc:2)
  A fire dragon (Lair:6)
  Fannar (D:11)
  3 hydras
  2 ogre magi (Orc:2)
  A queen ant (Lair:2)
  12 two-headed ogres
  8 death yaks
  4 sixfirhies (Gauntlet)
  2 wizards
  2 deep trolls (Orc:2)
  A swamp dragon (Lair:6)
  An orc knight (Orc:1)
  4 ugly things
  2 deep elf magi
  3 orc sorcerers (Orc:2)
  2 manticores
  3 cyclopes
  5 elephants
  A centaur zombie (D:12)
  5 black mambas
  2 centaur skeletons
  An ice statue (IceCv)
  9 spiny frogs
  2 torpor snails
  2 rime drakes
  Maggie (Lair:2)
  A kobold demonologist (D:11)
  5 komodo dragons
  13 trolls
  A hornet (D:9)
  A slime creature (D:13)
  7 hippogriffs
  28 polar bears
  3 raiju (Lair:6)
  5 dream sheep (Lair:6)
  16 blink frogs
  3 shadows
  5 wyverns
  Sigmund (D:6)
  Grum (D:9)
  3 hogs (D:7)
  A hungry ghost (D:10)
  2 wraiths
  2 basilisks
  A human (D:7)
  65 yaks
  8 wargs
  4 steam dragons
  2 vampire mosquitoes (D:13)
  5 soldier ants (Lair:2)
  10 water moccasins
  2 acid dragons (D:13)
  12 hell hounds (Lair:6)
  9 porcupines
  3 swamp drakes (Lair:6)
  18 orc warriors
  12 black bears
  3 phantoms
  5 sky beasts
  4 necrophages (D:9)
  37 wolves
  30 ogres
  13 centaurs
  14 crocodiles
  4 big kobolds
  23 bullfrogs
  A wyvern skeleton (D:12)
  A water moccasin skeleton (D:11)
  2 scorpions
  6 wights
  12 killer bees
  An electric eel (Lair:5)
  6 crimson imps
  3 quasits
  3 bullfrog zombies
  9 orc priests
  8 hounds
  4 jellies
  23 orc wizards
  4 bullfrog skeletons
  6 iguanas
  16 worker ants
  A killer bee zombie (D:9)
  A bullfrog simulacrum (D:13)
  A hound skeleton (D:8)
  A hound zombie (D:9)
  A worker ant zombie (D:8)
  A howler monkey skeleton (D:5)
  A howler monkey zombie (D:6)
  11 adders
  2 shadow imps
  A white imp (Gauntlet)
  4 oozes
  5 worms
  3 dart slugs
  6 leopard geckos
  83 orcs
  4 giant cockroaches
  5 goblins
  8 hobgoblins
  6 quokkas
  3 ball pythons
  4 bats
  4 frilled lizards
  21 kobolds
  A leopard gecko skeleton (D:5)
  A quokka skeleton (D:8)
  A quokka zombie (D:9)
  7 rats
  A bush (D:9)
  2 plants
760 creatures vanquished.

Vanquished Creatures (others)
  2 yaks (IceCv)
  A porcupine (Lair:5)
  A wolf (IceCv)
  An ogre (Orc:2)
  An orc (Orc:2)
  10 fungi
  25 plants
41 creatures vanquished.

Grand Total: 801 creatures vanquished

Notes
Turn   | Place    | Note
-------+----------+-------------------------------------------
     0 | D:1      | Faca the Halfling Hunter began the quest for the Orb.
     0 | D:1      | Reached XP level 1. HP: 14/14 MP: 1/1
   178 | D:1      | Reached skill level 6 in Slings
   329 | D:1      | Reached XP level 2. HP: 19/19 MP: 2/2
   693 | D:1      | Reached XP level 3. HP: 19/25 MP: 3/3
  1143 | D:2      | Reached XP level 4. HP: 30/30 MP: 4/4
  1219 | D:2      | Reached skill level 7 in Slings
  1900 | D:2      | Found a faded altar of an unknown god.
  2174 | D:2      | Found a sacrificial altar of Ru.
  2498 | D:3      | Reached XP level 5. HP: 24/36 MP: 3/5
  3036 | D:3      | Reached skill level 8 in Slings
  3212 | D:3      | Reached XP level 6. HP: 14/43 MP: 3/6
  4032 | D:4      | Noticed an ogre
  4040 | D:4      | Killed an ogre
  4040 | D:4      | Reached skill level 1 in Short Blades
  4264 | D:4      | Reached XP level 7. HP: 35/49 MP: 4/7
  5009 | D:4      | Reached skill level 9 in Slings
  5680 | D:5      | Entered Level 5 of the Dungeon
  5826 | D:5      | Reached skill level 5 in Fighting
  5826 | D:5      | Reached XP level 8. HP: 51/55 MP: 8/8
  6203 | D:5      | Found a glowing drain.
  6224 | Sewer    | Entered a sewer
  6298 | Sewer    | Reached skill level 10 in Slings
  6911 | D:5      | Reached skill level 5 in Short Blades
  7412 | D:6      | Found a staircase to the Ecumenical Temple.
  7420 | D:6      | Reached XP level 9. HP: 55/62 MP: 9/9
  7428 | Temple   | Entered the Ecumenical Temple
  7537 | Temple   | Became a worshipper of Warmaster Okawaru
  7584 | D:6      | Noticed Sigmund
  7834 | D:6      | Killed Sigmund
  7834 | D:6      | Reached skill level 11 in Slings
  8879 | D:7      | Noticed a hippogriff
  9058 | D:7      | Reached * piety under Okawaru
  9063 | D:7      | Reached skill level 12 in Slings
  9080 | D:7      | Reached XP level 10. HP: 43/71 MP: 8/10
  9499 | D:7      | Reached ** piety under Okawaru
  9775 | D:7      | Identified a scroll of acquirement
  9775 | D:7      | Identified the ring of the Shining Light {rPois rCorr} (You
                  | acquired it on level 7 of the Dungeon)
  9775 | D:7      | Identified the +5 gold dragon scales of Udutuh {rPois rF+
                  | rC+ MR++ Str-3 Dex+4} (You acquired it on level 7 of the
                  | Dungeon)
 10301 | D:8      | Found Vivveutz's Gadget Boutique.
 10309 | D:8      | Noticed a cyclops
 10318 | D:8      | Reached skill level 1 in Armour
 10329 | D:8      | Killed a cyclops
 10826 | D:8      | Reached skill level 13 in Slings
 10875 | D:8      | Noticed a two-headed ogre
 10893 | D:8      | Killed a two-headed ogre
 10893 | D:8      | Reached *** piety under Okawaru
 11116 | D:8      | Found a runed translucent door.
 11116 | D:8      | Noticed a centaur warrior
 11116 | D:8      | Noticed a freezing wraith
 11117 | D:8      | Identified the +1 mace of True Grit {antimagic, rElec rC+
                  | MP-9}
 11117 | D:8      | Noticed a fire giant
 11118 | D:8      | Noticed a cyclops
 11118 | D:8      | Noticed a centaur warrior
 11118 | D:8      | Noticed a rakshasa
 11435 | D:9      | Found an ancient bone altar of Kikubaaqudgha.
 11600 | D:9      | Paralysed by a hornet for 3 turns
 11692 | D:9      | Reached XP level 11. HP: 42/78 MP: 7/11
 11861 | D:9      | Noticed Grum
 11886 | D:8      | Reached **** piety under Okawaru
 11983 | D:9      | Received a gift from Okawaru
 12012 | D:9      | Killed Grum
 12033 | D:9      | Found a staircase to the Orcish Mines.
 12288 | D:9      | Received a gift from Okawaru
 12416 | D:9      | Reached skill level 5 in Dodging
 12514 | D:9      | Found a staircase to the Lair.
 12566 | D:9      | Found a blossoming altar of Fedhas.
 12613 | D:9      | Reached skill level 10 in Short Blades
 12690 | D:10     | Entered Level 10 of the Dungeon
 13885 | D:11     | Received a gift from Okawaru
 13885 | D:11     | Reached skill level 5 in Armour
 13913 | D:11     | Reached skill level 14 in Slings
 13920 | D:11     | Noticed a two-headed ogre
 13932 | D:11     | Killed a two-headed ogre
 13932 | D:11     | Reached ***** piety under Okawaru
 13943 | D:11     | Noticed a cyan ugly thing
 14211 | D:11     | Received a gift from Okawaru
 14247 | D:11     | Found a transporter.
 14256 | D:11     | Identified the +10 trident "Femuev" {distort, Dex+4}
 14319 | D:11     | Noticed a cyan ugly thing
 14336 | D:11     | Killed a cyan ugly thing
 14399 | D:11     | Noticed Fannar
 14423 | D:11     | Killed Fannar
 14435 | D:11     | Reached XP level 12. HP: 39/85 MP: 5/12
 14677 | D:11     | Noticed a two-headed ogre
 14683 | D:11     | Killed a two-headed ogre
 14857 | D:11     | Received a gift from Okawaru
 15032 | D:11     | Noticed a soul eater
 15053 | D:11     | Found a transporter.
 15056 | D:11     | Found a one-way gate to the infinite horrors of the Abyss.
 15056 | D:11     | Noticed Puhammaa's ghost (journeyman HuCj)
 15405 | D:11     | Received a gift from Okawaru
 15498 | D:11     | Found a radiant altar of Vehumet.
 15821 | Lair:1   | Entered Level 1 of the Lair of Beasts
 15998 | Lair:1   | Received a gift from Okawaru
 16054 | Lair:1   | Reached skill level 15 in Slings
 16977 | Lair:2   | Reached skill level 10 in Fighting
 17029 | Lair:2   | Received a gift from Okawaru
 17042 | Lair:2   | Reached skill level 1 in Invocations
 17042 | Lair:2   | Reached XP level 13. HP: 66/92 MP: 7/13
 17134 | Lair:2   | Found a hole to the Spider Nest.
 17262 | Lair:2   | Noticed Maggie
 17277 | Lair:2   | Killed Maggie
 17429 | Lair:2   | Reached ****** piety under Okawaru
 17488 | Lair:2   | Received a gift from Okawaru
 17881 | Lair:2   | Received a gift from Okawaru
 18098 | Lair:2   | Got a crystal rapier {god gift}
 18099 | Lair:2   | Identified the +2 rapier of Apixtuiv {vorpal, *Contam rC+
                  | Dex+5} (Okawaru gifted it to you on level 2 of the Lair of
                  | Beasts)
 18142 | Lair:2   | Got a wavering granite ring
 18144 | Lair:2   | Identified the ring of Suspected Treachery {rPois rC- Str+7
                  | Stlth+} (You found it on level 2 of the Lair of Beasts)
 18454 | Lair:3   | Reached skill level 16 in Slings
 18726 | Lair:3   | Found a staircase to the Shoals.
 19519 | Lair:4   | Received a gift from Okawaru
 19605 | Lair:4   | Reached skill level 5 in Invocations
 20507 | Lair:5   | Received a gift from Okawaru
 20519 | Lair:5   | Reached XP level 14. HP: 69/99 MP: 12/18
 20723 | Lair:4   | Received a gift from Okawaru
 20723 | Lair:4   | Reached skill level 10 in Dodging
 21022 | Lair:5   | Found a staircase to the Slime Pits.
 21165 | Lair:5   | Reached skill level 10 in Armour
 21167 | Lair:5   | Reached skill level 17 in Slings
 21800 | Lair:6   | Entered Level 6 of the Lair of Beasts
 21885 | Lair:6   | Found a frozen archway.
 21971 | IceCv    | Entered an ice cave
 22756 | IceCv    | Received a gift from Okawaru
 22837 | IceCv    | Got an encrusted hunting sling {god gift}
 22838 | IceCv    | Identified the +1 hunting sling "Raigaero" {venom, +Fly
                  | MP+9} (Okawaru gifted it to you in an ice cave)
 22895 | IceCv    | Noticed a frost giant
 22907 | IceCv    | Killed a frost giant
 23339 | Lair:6   | Reached XP level 15. HP: 87/103 MP: 21/21
 23465 | Lair:6   | Reached skill level 18 in Slings
 23695 | Lair:6   | Received a gift from Okawaru
 24193 | Lair:6   | Received a gift from Okawaru
 24307 | Lair:6   | Found a large runed translucent door.
 24307 | Lair:6   | Found a large runed translucent door.
 24307 | Lair:6   | Noticed MrDNA's ghost (journeyman DDMo)
 24395 | Lair:6   | Received a gift from Okawaru
 24398 | Lair:6   | Got a pitted rapier {god gift}
 24399 | Lair:6   | Identified the +8 rapier "Qokockogh" {holy, +Inv rPois
                  | Str-2} (Okawaru gifted it to you on level 6 of the Lair of
                  | Beasts)
 25207 | Lair:6   | Killed MrDNA's ghost
 25471 | Orc:1    | Entered Level 1 of the Orcish Mines
 25773 | Orc:2    | Entered Level 2 of the Orcish Mines
 25901 | Orc:2    | Noticed Nessos
 26210 | Orc:1    | Received a gift from Okawaru
 26485 | Orc:2    | Killed Nessos
 26485 | Orc:2    | Reached skill level 10 in Invocations
 26768 | Orc:2    | Reached XP level 16. HP: 21/109 MP: 5/23
 26906 | Orc:2    | Reached skill level 19 in Slings
 27002 | Orc:2    | Found Qanoses's Antique Weapon Boutique.
 27106 | Orc:2    | Found Pohoho's Assorted Antiques.
 27111 | Orc:2    | Found Koeledgho's Antique Weapon Emporium.
 27118 | Orc:2    | Bought a potion of heal wounds for 195 gold pieces
 27120 | Orc:2    | Found Cust's Jewellery Boutique.
 27139 | Orc:2    | Bought a cursed -2 ring of dexterity for 34 gold pieces
 27140 | Orc:2    | Bought an uncursed amulet of regeneration for 510 gold
                  | pieces
 27143 | Orc:2    | Bought an uncursed ring of protection from magic for 425
                  | gold pieces
 27143 | Orc:2    | Bought the ring "Entiz" {rElec Stlth-} for 365 gold pieces
 27333 | Orc:2    | Found a roughly hewn altar of Beogh.
 27407 | Orc:2    | Found a staircase to the Elven Halls.
 27711 | Orc:1    | You fall into a shaft and drop 1 floor!
 28658 | D:13     | Received a gift from Okawaru
 28862 | D:13     | Found the +6 lightning scales {run, rElec}
 29005 | D:13     | Found a gate leading to a gauntlet.
 29035 | Gauntlet | Entered a Gauntlet
 29035 | Gauntlet | Found a transporter.
 29117 | Gauntlet | Identified the +1 crystal plate armour of Zyrhe {*Drain
                  | +Fly rF- MR+++} (You acquired it in a Gauntlet)
 29127 | Gauntlet | Found a transporter.
 29144 | Gauntlet | Found a transporter.
 29146 | Gauntlet | Found a transporter.
 29158 | Gauntlet | Found a transporter.
 29168 | Gauntlet | Found the amulet of the Air {Inacc +Fly rElec EV+5 RMsl}
 29169 | Gauntlet | Found a transporter.
 29174 | Gauntlet | Found a transporter.
 29177 | Gauntlet | Found a runed translucent door.
 29194 | Gauntlet | Found a transporter.
 29198 | Gauntlet | Found a transporter.
 29207 | Gauntlet | Found a transporter.
 29208 | Gauntlet | Found a transporter.
 29210 | Gauntlet | Found a transporter.
 29239 | Gauntlet | Found a transporter.
 29243 | Gauntlet | Found a transporter.
 29460 | Gauntlet | Got a jewelled helmet
 29471 | Gauntlet | Identified the +2 helmet of the Villain {*Slow rC+ rN+++}
                  | (You found it in a Gauntlet)
 29478 | Gauntlet | Identified the +0 ring mail of Least Resistance {MP+9 Str+3
                  | SInv} (You found it in a Gauntlet)
 29553 | Gauntlet | HP: 1/110 [minotaur (11)]
 29554 | Gauntlet | Mangled by a minotaur

Levels and vault maps discovered:
D:1:      evilmike_arrival_rings, layout_loops_ring, hangedman_decor_opposing
D:2:      layout_basic, nicolae_overflow_hidden_temple,
          chequers_ecumenical_altar_simple_redux, first_ration
D:3:      layout_basic
D:4:      layout_loops_corners, palyth_stone_intersect
D:5:      layout_loops_ring, portal_sewer_entry_b, minivault_11,
          chequers_serial_rivers_micro_c
D:6:      layout_cave_pools, minmay_temple_entry_stoned_glass, uniq_sigmund
D:7:      layout_loops_ring, minmay_hedge_maze, grunt_livestock, bh_chokoban
D:8:      minmay_gate_of_8, layout_loops_ring, serial_shops,
          nicolae_shop_crystal
D:9:      layout_cave_pools, lair_entry_dummy, orc_0_dummy, basic_altar,
          fedhas_altar_decomposition, uniq_grum
D:10:     minmay_general_purpose_star, layout_basic
D:11:     layout_loops_corners, basic_altar, gammafunk_ghost_abyssal_escape,
          minmay_splitting_lines, uniq_fannar
D:12:     layout_roguey
D:13:     minmay_the_grid_square_5x5_4x4_mashed
          [minmay_the_grid_square_5x5_tetrominoes,
          minmay_the_grid_square_5x5_moneybag, minmay_the_grid_square_5x5_fat_x,
          minmay_the_grid_square_5x5_hollow_slash,
          minmay_the_grid_square_5x5_bracketed,
          minmay_the_grid_square_5x5_prize_rear_guard,
          minmay_the_grid_square_5x5_prize_open,
          minmay_the_grid_square_5x5_inner_z,
          minmay_the_grid_square_5x5_detours,
          minmay_the_grid_square_5x5_prize_pseudospiral,
          minmay_the_grid_square_5x5_prize_itemx,
          minmay_the_grid_square_5x5_six,
          minmay_the_grid_square_5x5_checkered_statues,
          minmay_the_grid_square_5x5_pentomino_r,
          minmay_the_grid_square_5x5_two_walls_a,
          minmay_the_grid_square_5x5_inner_i], layout_cross, erik_vaults_1,
          gauntlet_entry_generic, tso_metal_star
Temple:   kilobyte_greek_temple
Lair:1:   layout_cave_pods, serial_bayou_shore_b
Lair:2:   layout_regular_city, spider_nest_entry_web_field, wad_woods_antlair,
          uniq_maggie
Lair:3:   layout_small_grid, minmay_shoals_entry_centaurs,
          minmay_stone_trees_small, st_stairs_12
Lair:4:   layout_loops_ring
Lair:5:   layout_roguey, dpeg_slime_entry_corner, minivault_27,
          beast_lair_carwin_8, grunt_megastairs_3, infiniplex_staircase_pool
Lair:6:   guppyfry_lair_end_dragon, layout_long_grid,
          hangedman_lair_caniforms_friends, ebering_ghost_disaster_area,
          portal_ice_cave_entry_pillars_2, chequers_serial_rivers_room_b
Orc:1:    layout_caves
Orc:2:    st_orc_open, layout_caves, basic_altar, uniq_nessos
Gauntlet: minmay_gauntlet_77_tree [minmay_gauntlet_arena_77_radiant_squares,
          minmay_gauntlet_arena_77_double_cross, minmay_gauntlet_arena_77_path,
          minmay_gauntlet_arena_77_fan, minmay_gauntlet_arena_77_two_lines,
          minmay_gauntlet_arena_77_braids, minmay_gauntlet_arena_77_block_sizes,
          gauntlet_exit_hidden_loot]

Skill      XL: |  1  2  3  4  5  6  7  8  9 10 11 12 13 14 15 16 |
---------------+-------------------------------------------------+-----
Slings         | 6 7 8 9 10 12 13 14 15 16 17 18 19 | 19.3
Fighting       | 2 3 4 5 6 7 8 9 10 | 10.4
Short Blades   | 2 4 5 8 9 10 11 12 | 12.8
Armour         | 3 5 7 9 11 12 | 12.7
Dodging        | 4 6 8 9 11 12 | 12.9
Invocations    | 1 5 8 10 | 10.0
Stealth        | |  1.1

Action                   |  1- 3 |  4- 6 |  7- 9 | 10-12 | 13-15 | 16-18 || total
-------------------------+-------+-------+-------+-------+-------+-------++-------
Melee: Short sword       |   107 |   258 |   491 |   195 |       |       ||  1051
       Rapier            |       |       |       |   534 |  1813 |   539 ||  2886
       Punch             |       |       |       |       |     5 |     2 ||     7
 Fire: Hunting sling     |       |     9 |   147 |   135 |    24 |       ||   315
Throw: Dart              |       |       |       |     1 |       |       ||     1
Invok: Heroism           |       |       |       |     6 |     6 |     5 ||    17
       Finesse           |       |       |       |       |       |     2 ||     2
Evoke: Wand              |       |       |       |       |     5 |       ||     5
       Lightning rod     |       |       |       |       |     4 |       ||     4
  Use: Scroll            |     3 |     7 |     7 |    10 |     6 |     3 ||    36
       Potion            |       |       |       |     4 |     5 |     5 ||    14
 Stab: Sleeping          |       |     2 |       |       |     5 |     1 ||     8
       Distracted        |       |       |       |       |     1 |       ||     1
  Eat: Chunk             |     1 |    10 |    16 |    23 |    29 |     8 ||    87
       Ration            |       |       |       |     1 |     1 |       ||     2
Armor: Leather armour    |     2 |       |       |       |       |       ||     2
       Ring mail         |    26 |    74 |   144 |    16 |       |     4 ||   264
       Scale mail        |       |       |       |   146 |       |       ||   146
       Troll leather arm |       |       |       |    24 |   337 |    76 ||   437
Dodge: Dodged            |    74 |   181 |   295 |   480 |  1767 |   480 ||  3277

Table legend:
 A = Non-vault XP
 B = Vault XP
 C = Vault XP percentage of total XP
 D = Non-vault monster count
 E = Vault monster count
 F = Vault count percentage of total count
                 A         B        C        D         E       F
            +---------+---------+-------+---------+---------+-------
      Total |   64252 |   65104 |  50.3 |     504 |     254 |  33.5
            +---------+---------+-------+---------+---------+-------
        D:1 |      33 |       0 |   0.0 |      18 |       0 |   0.0
        D:2 |      68 |       0 |   0.0 |      16 |       0 |   0.0
        D:3 |     211 |       0 |   0.0 |      27 |       0 |   0.0
        D:4 |     455 |       0 |   0.0 |      18 |       0 |   0.0
        D:5 |     815 |       3 |   0.4 |      24 |       2 |   7.7
        D:6 |     974 |     220 |  18.4 |      25 |       1 |   3.8
        D:7 |     492 |     958 |  66.1 |      11 |       5 |  31.2
        D:8 |    2822 |     346 |  10.9 |      35 |       3 |   7.9
        D:9 |    1890 |     737 |  28.1 |      22 |       7 |  24.1
       D:10 |    1525 |      42 |   2.7 |      24 |       1 |   4.0
       D:11 |    8178 |    1007 |  11.0 |      48 |       1 |   2.0
       D:12 |    4270 |     572 |  11.8 |      21 |       1 |   4.5
       D:13 |     377 |    4973 |  93.0 |       4 |      22 |  84.6
     Temple |      33 |       0 |   0.0 |       1 |       0 |   0.0
     Lair:1 |    3900 |       0 |   0.0 |      21 |       0 |   0.0
     Lair:2 |    6847 |    2309 |  25.2 |      30 |      14 |  31.8
     Lair:3 |    3605 |     547 |  13.2 |      13 |       5 |  27.8
     Lair:4 |    6113 |     624 |   9.3 |      19 |       3 |  13.6
     Lair:5 |    7173 |    2206 |  23.5 |      24 |       5 |  17.2
     Lair:6 |    8473 |   16029 |  65.4 |      36 |      71 |  66.4
      Orc:1 |    2251 |    4502 |  66.7 |      27 |       8 |  22.9
      Orc:2 |    3747 |   12518 |  77.0 |      40 |      30 |  42.9
      Sewer |       0 |     151 | 100.0 |       0 |      17 | 100.0
      IceCv |       0 |   13366 | 100.0 |       0 |      50 | 100.0
   Gauntlet |       0 |    3994 | 100.0 |       0 |       8 | 100.0
            +---------+---------+-------+---------+---------+-------
